3L
TOLEDO TITANS @ CHICAGO HAWKS
08/06/2017
 
TOP OF THE 1ST
Toledo Titans batting - Pitching for Chicago Hawks : LHP Tim Powell
Pitching: LHP Tim Powell
Batting: LHB Nathan Santos 0-0: Foul Ball, location: 2F
0-1: Ball
1-1: Called Strike
1-2: Foul Ball, location: 2F
1-2: Strikes out swinging
Batting: LHB Salvador Vidal 0-0: Swinging Strike
0-1: Swinging Strike
0-2: Ball
1-2: Strikes out swinging
Batting: RHB Enrique Pérez 0-0: Foul Ball, location: 2F
0-1: Swinging Strike
0-2: Foul Ball, location: 2F
0-2: Ball
1-2: Foul Ball, location: 2F
1-2: Ground out 5-3 (Groundball, 56)
Top of the 1st over - 0 run(s), 0 hit(s), 0 error(s), 0 left on base; Toledo 0 - Chicago 0
BOTTOM OF THE 1ST
Chicago Hawks batting - Pitching for Toledo Titans : RHP Lou Meadows
Pitching: RHP Lou Meadows
Batting: LHB Paul Wilson 0-0: Foul Ball, location: 2F
0-1: Ball
1-1: Ball
2-1: Fly out, F8 (Flyball, 8LM)
Batting: RHB Ed Whitaker 0-0: Called Strike
0-1: Foul Ball, location: 2F
0-2: Ball
1-2: Ball
2-2: Foul Ball, location: 2F
2-2: Ball
3-2: Ground out 5-3 (Groundball, 6)
Batting: LHB Mal Wadley 0-0: Called Strike
0-1: Ball
1-1: Ball
2-1: Fly out, F9 (Flyball, 9D)
Bottom of the 1st over - 0 run(s), 0 hit(s), 0 error(s), 0 left on base; Toledo 0 - Chicago 0
TOP OF THE 2ND
Toledo Titans batting - Pitching for Chicago Hawks : LHP Tim Powell
Batting: RHB José Rodríguez 0-0: Ball
1-0: Swinging Strike
1-1: Ball
2-1: Swinging Strike
2-2: Ball
3-2: Ground out 2-3 (Groundball, 2R)
Batting: LHB Herman Hayes 0-0: Called Strike
0-1: Foul Ball, location: 2F
0-2: Strikes out looking
Batting: LHB Jeff Sharp 0-0: Called Strike
0-1: Swinging Strike
0-2: Ball
1-2: Strikes out swinging
Top of the 2nd over - 0 run(s), 0 hit(s), 0 error(s), 0 left on base; Toledo 0 - Chicago 0
BOTTOM OF THE 2ND
Chicago Hawks batting - Pitching for Toledo Titans : RHP Lou Meadows
Batting: LHB Bobby Moore 0-0: Called Strike
0-1: Ball
1-1: Ball
2-1: Fly out, F7 (Flyball, 7D)
Batting: LHB Cristo Nieto 0-0: Foul Ball, location: 2F
0-1: Ball
1-1: SOLO HOME RUN (Flyball, 7D), Distance : 354 ft
Batting: RHB Raúl Hernández 0-0: Ball
1-0: Ball
2-0: Ball
3-0: Base on Balls
Batting: SHB Daryl Moore 0-0: Ball
1-0: Ball
2-0: Called Strike
2-1: Fly out, F7 (Line Drive, 7LM)
Batting: RHB Ted Young 0-0: Called Strike
Pickoff Throw to First - Out!
Bottom of the 2nd over - 1 run(s), 1 hit(s), 0 error(s), 0 left on base; Toledo 0 - Chicago 1
TOP OF THE 3RD
Toledo Titans batting - Pitching for Chicago Hawks : LHP Tim Powell
Batting: LHB David Martínez 0-0: Ball
1-0: Foul Ball, location: 2F
1-1: Called Strike
1-2: Ball
2-2: Ball
3-2: Fly out, F8 (Flyball, 8LXD)
Batting: RHB Ray Porch 0-0: Fly out, F9 (Line Drive, 8RM)
Batting: RHB Lou Meadows 0-0: Foul Ball, location: 2F
0-1: Called Strike
0-2: Foul Ball, location: 2F
0-2: DOUBLE (Line Drive, 6M)
Batting: LHB Nathan Santos 0-0: Fly out, F6 (Line Drive, 6)
Top of the 3rd over - 0 run(s), 1 hit(s), 0 error(s), 1 left on base; Toledo 0 - Chicago 1
BOTTOM OF THE 3RD
Chicago Hawks batting - Pitching for Toledo Titans : RHP Lou Meadows
Batting: RHB Ted Young 0-0: Called Strike
0-1: SINGLE (Flyball, 9S)
Batting: RHB Tim Powell 0-0: Ball
1-0: Sac Bunt - play at first, batter OUT! 5-4
Ted Young to second
Batting: LHB Paul Wilson 0-0: Called Strike
0-1: Foul Ball, location: 2F
0-2: SINGLE (Flyball, 7LM)
Ted Young to third
Runner from 3rd tries for Home, SAFE, no throw or cutoff
Batting: RHB Ed Whitaker 0-0: Ball
1-0: Ball
2-0: Foul Ball, location: 2F
2-1: Foul Ball, location: 2F
2-2: Ball
Paul Wilson steals 2nd base
3-2: Strikes out swinging
Batting: LHB Mal Wadley 0-0: Ball
1-0: Ground out 4-3 (Groundball, 4)
Bottom of the 3rd over - 1 run(s), 2 hit(s), 0 error(s), 1 left on base; Toledo 0 - Chicago 2
TOP OF THE 4TH
Toledo Titans batting - Pitching for Chicago Hawks : LHP Tim Powell
Batting: LHB Salvador Vidal 0-0: Ball
1-0: Foul Ball, location: 2F
1-1: Swinging Strike
1-2: Ground out 6-3 (Groundball, 6S)
Batting: RHB Enrique Pérez 0-0: DOUBLE (Line Drive, 7D) - OUT at third base trying to stretch hit.
Batting: RHB José Rodríguez 0-0: SINGLE (Line Drive, 56)
Batting: LHB Herman Hayes 0-0: Called Strike
0-1: Ball
1-1: Fielders Choice at 2nd, U4 (Groundball, 4M)
Top of the 4th over - 0 run(s), 2 hit(s), 0 error(s), 1 left on base; Toledo 0 - Chicago 2
BOTTOM OF THE 4TH
Chicago Hawks batting - Pitching for Toledo Titans : RHP Lou Meadows
Batting: LHB Bobby Moore 0-0: Ball
1-0: Called Strike
1-1: Foul Ball, location: 2F
1-2: Foul Ball, location: 2F
1-2: Ball
2-2: Ball
3-2: Foul Ball, location: 2F
3-2: Ground out 6-3 (Groundball, 6)
Batting: LHB Cristo Nieto 0-0: Foul Ball, location: 2F
0-1: Ball
1-1: Ball
2-1: Foul Ball, location: 2F
2-2: Ball
3-2: DOUBLE (Groundball, 3L)
Batting: RHB Raúl Hernández 0-0: Called Strike
0-1: Ball
1-1: Ball
2-1: Ground out 4-3 (Groundball, 4M)
Cristo Nieto to third
Batting: SHB Daryl Moore 0-0: 2-RUN HOME RUN (Flyball, 9LD), Distance : 333 ft
Batting: RHB Ted Young 0-0: Ball
1-0: Called Strike
1-1: Ball
2-1: Foul Ball, location: 2F
2-2: Fly out, F7 (Flyball, 78M)
Bottom of the 4th over - 2 run(s), 2 hit(s), 0 error(s), 0 left on base; Toledo 0 - Chicago 4
TOP OF THE 5TH
Toledo Titans batting - Pitching for Chicago Hawks : LHP Tim Powell
Batting: LHB Jeff Sharp 0-0: Called Strike
0-1: Foul Ball, location: 2F
0-2: Ball
1-2: Strikes out looking
Batting: LHB David Martínez 0-0: Ball
1-0: Foul Ball, location: 2F
1-1: Ball
2-1: Fly out, F3 (Popup, 3SF)
Batting: RHB Ray Porch 0-0: Ball
1-0: Foul Ball, location: 2F
1-1: Ground out 6-3 (Groundball, 6)
Top of the 5th over - 0 run(s), 0 hit(s), 0 error(s), 0 left on base; Toledo 0 - Chicago 4
BOTTOM OF THE 5TH
Chicago Hawks batting - Pitching for Toledo Titans : RHP Lou Meadows
Batting: RHB Tim Powell 0-0: Foul Ball, location: 2F
0-1: Ball
1-1: Fly out, F9 (Flyball, 9D)
Batting: LHB Paul Wilson 0-0: Ball
1-0: Ball
2-0: Ground out 6-3 (Groundball, 6)
Batting: RHB Ed Whitaker 0-0: Ball
1-0: Swinging Strike
1-1: Swinging Strike
1-2: Foul Ball, location: 2F
1-2: Ground out 1-3 (Groundball, 13)
Bottom of the 5th over - 0 run(s), 0 hit(s), 0 error(s), 0 left on base; Toledo 0 - Chicago 4
TOP OF THE 6TH
Toledo Titans batting - Pitching for Chicago Hawks : LHP Tim Powell
Batting: RHB Lou Meadows 0-0: Ground out 6-3 (Groundball, 6M)
Batting: LHB Nathan Santos 0-0: Swinging Strike
0-1: Foul Ball, location: 2F
0-2: SINGLE (Groundball, 34D)
Batting: LHB Salvador Vidal 0-0: Ball
Throwing error on steal attempt, E2
Nathan Santos to third
1-0: Ball
2-0: 2-RUN HOME RUN (Line Drive, 89XD), Distance : 369 ft
Batting: RHB Enrique Pérez 0-0: Ball
1-0: Fly out, F4 (Line Drive, 6MD)
Batting: RHB José Rodríguez 0-0: Ball
1-0: Called Strike
1-1: Ball
2-1: Foul Ball, location: 2F
2-2: Strikes out looking
Top of the 6th over - 2 run(s), 2 hit(s), 1 error(s), 0 left on base; Toledo 2 - Chicago 4
BOTTOM OF THE 6TH
Chicago Hawks batting - Pitching for Toledo Titans : RHP Lou Meadows
Batting: LHB Mal Wadley 0-0: Ball
1-0: Called Strike
1-1: Swinging Strike
1-2: Foul Ball, location: 2F
1-2: Ball
2-2: Foul Ball, location: 2F
2-2: Ground out 6-3 (Groundball, 6M)
Batting: LHB Bobby Moore 0-0: Ball
1-0: Fly out, F8 (Line Drive, 8RM)
Batting: LHB Cristo Nieto 0-0: SINGLE (Groundball, 34D)
Batting: RHB Raúl Hernández 0-0: Ball
1-0: Foul Ball, location: 2F
1-1: Ball
2-1: Swinging Strike
2-2: Ball
3-2: Base on Balls
Cristo Nieto to second
Batting: SHB Daryl Moore 0-0: Ball
1-0: Ball
2-0: Foul Ball, location: 2F
2-1: Swinging Strike
2-2: Foul Ball, location: 2F
2-2: Fly out, F8 (Flyball, 8LM)
Bottom of the 6th over - 0 run(s), 1 hit(s), 0 error(s), 2 left on base; Toledo 2 - Chicago 4
TOP OF THE 7TH
Toledo Titans batting - Pitching for Chicago Hawks : LHP Tim Powell
Batting: LHB Herman Hayes 0-0: Called Strike
0-1: Ball
1-1: Ground out 3-1 (Groundball, 34)
Batting: LHB Jeff Sharp 0-0: Fly out, F8 (Flyball, 8LD)
Batting: LHB David Martínez 0-0: Ball
1-0: Called Strike
1-1: Foul Ball, location: 2F
1-2: Fly out, F5 (Popup, 25F)
Top of the 7th over - 0 run(s), 0 hit(s), 0 error(s), 0 left on base; Toledo 2 - Chicago 4
BOTTOM OF THE 7TH
Chicago Hawks batting - Pitching for Toledo Titans : RHP Lou Meadows
Batting: RHB Ted Young 0-0: Ball
1-0: Ball
2-0: Fly out, F9 (Flyball, 89M)
Batting: RHB Tim Powell 0-0: Called Strike
0-1: Ball
1-1: Foul Ball, location: 2F
1-2: Ball
2-2: Ground out 5-3 (Groundball, 5L)
Batting: LHB Paul Wilson 0-0: Ground out 6-3 (Groundball, 56)
Bottom of the 7th over - 0 run(s), 0 hit(s), 0 error(s), 0 left on base; Toledo 2 - Chicago 4
TOP OF THE 8TH
Toledo Titans batting - Pitching for Chicago Hawks : LHP Tim Powell
Now at 1B: José Bravo
Now in RF: Esteban Márquez
Batting: RHB Ray Porch 0-0: Ground out 6-3 (Groundball, 6M)
Pinch Hitting: RHB Miguel García 0-0: Ball
1-0: Fly out, F3 (Popup, 4)
Batting: LHB Nathan Santos 0-0: Fly out, F2 (Popup, 2RF)
Top of the 8th over - 0 run(s), 0 hit(s), 0 error(s), 0 left on base; Toledo 2 - Chicago 4
BOTTOM OF THE 8TH
Chicago Hawks batting - Pitching for Toledo Titans : RHP Lou Meadows
Pitching: RHP Adrián Ramos
Batting: RHB Ed Whitaker 0-0: Called Strike
0-1: Foul Ball, location: 2F
0-2: Ball
1-2: Ball
2-2: Strikes out swinging
Batting: LHB Mal Wadley 0-0: Ball
1-0: Ball
2-0: Ball
3-0: Base on Balls
Batting: SHB Esteban Márquez 0-0: Swinging Strike
Mal Wadley is caught stealing 2nd base
0-1: Called Strike
0-2: Strikes out swinging
Bottom of the 8th over - 0 run(s), 0 hit(s), 0 error(s), 0 left on base; Toledo 2 - Chicago 4
TOP OF THE 9TH
Toledo Titans batting - Pitching for Chicago Hawks : LHP Tim Powell
Pitching: RHP Jim Dixon
Batting: LHB Salvador Vidal 0-0: Ball
1-0: Foul Ball, location: 2F
1-1: Ball
2-1: DOUBLE (Line Drive, 78D)
Batting: RHB Enrique Pérez 0-0: Ball
1-0: Ball
2-0: Called Strike
2-1: Ball
3-1: Called Strike
3-2: Base on Balls
Batting: RHB José Rodríguez 0-0: Ball
1-0: Ball
2-0: Called Strike
2-1: Called Strike
2-2: Strikes out swinging
Pinch Runner at 2nd Steve Ferguson:
Batting: LHB Herman Hayes 0-0: Foul Ball, location: 2F
0-1: Ball
1-1: Swinging Strike
1-2: Fly out, F8 (Flyball, 8LXD)
Runner from 2nd tags up, SAFE at 3rd, no throw
Batting: LHB Jeff Sharp 0-0: Called Strike
0-1: Foul Ball, location: 2F
0-2: Ball
1-2: Strikes out swinging
Top of the 9th over - 0 run(s), 1 hit(s), 0 error(s), 2 left on base; Toledo 2 - Chicago 4
This league is powered by Out of the Park Baseball, the baseball management simulation game for PC, Mac and Linux
Saturday, February 27th, 2021 - OOTP Baseball 15.6 Build 34